Map: 2000 Atmospheres LE

Players

A.I. 1 (Very Easy)

  • Race: Terran Terran

QuietMind - Winner!

  • Race: Terran Terran

VOD

Have the link to the VOD?

Description

Time

  • Played on: Aug. 4, 2021, 12:34 a.m.
  • Length: 10:23
Show
View Real Time Build Order
Export as new Build Order

A.I. 1 (Very Easy) Terran 

Build Orders:  

Get SALT Encoding   

  12  0:00  SCV  
  13  0:13  SCV  
  14  0:18  Supply Depot  
  14  0:37  Refinery  
  14  0:42  Barracks  
  14  1:03  Supply Depot  
  14  1:12  Refinery  
  14  1:29  SCV  
  14  1:30  Marine  
  16  1:41  SCV  
  17  1:53  SCV  
  18  2:01  Marine  
  18  2:05  SCV  
  20  2:18  SCV  
  21  2:30  SCV  
  21  2:33  Marine  
  23  2:43  Orbital Command  
  23  4:15  SCV  
  23  5:43  SCV, Marine  
  23  5:45  Supply Depot  
  23  5:47  Factory  
  25  6:02  SCV  
  25  6:14  SCV  
  25  6:16  Barracks Tech Lab  
  25  6:17  Supply Depot  
  22  6:26  SCV  
  22  6:31  Starport  
  23  6:33  Marine  
  23  6:38  SCV  
  25  6:48  Command Center  
  25  6:51  SCV  
  26  7:03  SCV  
  26  7:06  Marine  
  28  7:10  Starport Tech Lab  
  28  7:30  Raven  
  30  7:38  Marauder  
  32  8:01  SCV  
  33  8:08  SCV, Refinery  
  33  8:10  Marine  
  33  8:12  Refinery  
  35  8:13  Raven  
  35  8:16  SCV  
  38  8:23  SCV  
  39  8:30  SCV  
  40  8:37  SCV  
  41  8:44  SCV  
  42  8:52  SCV  
  43  8:59  SCV  
  44  9:06  SCV  
  45  9:13  SCV  
  46  9:20  SCV  
  47  9:27  SCV  
  48  9:32  Marine  
  48  9:33  Raven  
  48  9:34  Supply Depot  
  48  9:35  SCV  
  43  9:42  SCV  
  25  9:54  SCV  
Show
View Real Time Build Order
Export as new Build Order

QuietMind Terran - Winner!

Build Orders: Mech 

Get SALT Encoding   

  12  0:00  SCV  
  13  0:12  SCV  
  14  0:17  Supply Depot  
  14  0:24  SCV  
  15  0:38  SCV  
  15  0:41  Barracks  
  16  0:43  Refinery  
  16  0:50  SCV  
  17  1:03  SCV  
  18  1:15  SCV  
  19  1:27  Orbital Command  
  19  1:38  Command Center  
  19  1:45  Factory  
  19  1:48  Marine  
  19  1:53  SCV  
  21  2:00  Supply Depot  
  21  2:05  SCV  
  22  2:08  Refinery  
  22  2:10  Barracks Tech Lab  
  22  2:17  SCV  
  24  2:30  SCV  
  24  2:39  Siege Tank, Marine  
  24  2:42  SCV  
  29  2:45  Bunker  
  29  2:52  Orbital Command  
  29  2:54  SCV  
  29  2:57  Marine  
  31  3:06  SCV  
  31  3:11  Siege Tank  
  35  3:17  Marine  
  35  3:18  SCV x2  
  38  3:23  Supply Depot  
  38  3:30  SCV  
  38  3:31  SCV  
  40  3:37  Barracks Reactor  
  40  3:42  SCV  
  40  3:43  Siege Tank, SCV  
  40  3:45  Supply Depot  
  45  3:54  SCV  
  45  3:55  SCV  
  47  3:57  Command Center  
  47  4:06  Armory, SCV  
  47  4:07  SCV  
  47  4:08  Supply Depot  
  49  4:18  SCV  
  49  4:19  SCV  
  51  4:24  Factory  
  51  4:26  Widow Mine, Hellion  
  51  4:27  Marauder  
  51  4:31  SCV x2  
  58  4:32  Supply Depot  
  59  4:39  Refinery x2  
  59  4:43  SCV x2  
  61  4:49  Widow Mine, Hellion  
  61  4:51  Marauder  
  67  4:54  Supply Depot  
  67  4:55  SCV x2  
  69  5:03  Supply Depot  
  69  5:07  SCV x2  
  69  5:09  Terran Vehicle Weapons Level 1  
  69  5:10  Orbital Command  
  71  5:16  Hellbat x2  
  71  5:19  SCV x2  
  77  5:22  Thor  
  77  5:25  Orbital Command  
  77  5:26  Supply Depot  
  83  5:31  SCV  
  83  5:32  SCV  
  85  5:39  Barracks Tech Lab  
  85  5:40  Hellbat  
  85  5:41  Hellbat  
  89  5:43  SCV  
  89  5:44  SCV  
  89  5:47  Engineering Bay  
  91  5:53  SCV  
  91  5:54  Command Center  
  91  5:55  SCV  
  91  5:56  SCV  
  94  6:00  Marauder  
  94  6:02  Factory  
  96  6:05  SCV  
  96  6:07  SCV  
  96  6:08  SCV  
  99  6:15  Hellbat x2  
  99  6:16  Thor  
  109  6:20  SCV x2  
  109  6:21  SCV  
  112  6:28  Missile Turret  
  112  6:30  Missile Turret  
  112  6:32  Missile Turret  
  112  6:33  SCV x3  
  112  6:37  Marauder  
  117  6:44  Supply Depot  
  117  6:47  Supply Depot  
  117  6:51  Factory Tech Lab  
  117  6:53  Refinery  
  117  6:58  Armory  
  117  7:05  SCV x3, Thor  
  117  7:06  Hellbat x2, Marauder  
  132  7:15  Thor  
  132  7:17  SCV x3  
  141  7:26  Terran Vehicle And Ship Armor Level 1  
  141  7:27  Supply Depot  
  141  7:28  Hellbat, Supply Depot, Marauder  
  141  7:29  Hellbat  
  148  7:30  Supply Depot, SCV  
  148  7:32  Refinery  
  148  7:39  Command Center  
  148  7:41  Factory  
  148  7:47  SCV x3  
  148  7:48  Terran Vehicle Weapons Level 2  
  148  7:49  Marauder  
  148  7:50  Thor  
  148  7:51  Hellbat x2  
  163  7:57  Supply Depot  
  163  7:59  Supply Depot, SCV x3, Planetary Fortress  
  163  8:04  Thor  
  172  8:10  Infernal Pre-Igniter  
  172  8:11  SCV x3  
  175  8:16  Hellbat, Marauder  
  175  8:19  Hellbat  
  181  8:23  SCV x3  
  181  8:25  Factory Tech Lab  
  184  8:33  Supply Depot  
  184  8:35  SCV x3  
  184  8:37  SCV  
  188  8:41  Refinery  
  188  8:42  Marauder  
  188  8:43  Hellbat x2  
  188  8:44  Refinery  
  188  8:47  SCV x2  
  196  8:51  SCV  
  196  8:53  SCV  
  198  8:59  SCV x2  
  200  9:25  Starport  
  200  9:27  Factory  
  200  9:31  Factory  
  200  9:47  Command Center  
  200  9:51  Command Center  
  200  10:04  Starport Tech Lab  
  200  10:07  Fusion Core  
  200  10:11  Factory Tech Lab  
Tags
 
Composition
Mech
Matchup
TvT
Race
Terran
Add a new tag
Caveats
  • Supply blocks, unpowered buildings, or Contaminate may cause inaccurate times.
  • Supply counts are checked every 10 seconds.